 Dungeon Crawl Stone Soup version 0.17-a0-1920-gafa4d75 (webtiles) character file.

1374 Ordine the Basher (level 8, -2/64 HPs)
             Began as a Minotaur Berserker on Sept 27, 2015.
             Was an Elder of Trog.
             Slain by an ogre
             ... wielding a +0 giant spiked club
              (20 damage)
             ... on level 6 of the Dungeon.
             The game lasted 00:24:17 (4457 turns).

Ordine the Basher (Minotaur Berserker)              Turns: 4457, Time: 00:24:17

Health: -2/64      AC:  9    Str: 22    XL:     8   Next: 39%
Magic:  0/7        EV:  8    Int:  4    God:    Trog [****..]
Gold:   163        SH:  3    Dex: 12    Spells: 0 memorised, 7 levels left

rFire  . . .     SeeInvis .     a - +0 mace
rCold  . . .     Clarity  .     j - +0 chain mail
rNeg   . . .     SustAt   .     t - +0 buckler
rPois  .         Gourm    .     (helmet restricted)
rElec  .         Spirit   +     (no cloak)
rCorr  .         Warding  .     (no gloves)
rMut   .         Stasis   .     x - +0 pair of boots
MR     .....                    d - amulet of guardian spirit
Stlth  ..........               (no ring)
                                p - ring of stealth

@: not resistant to hostile enchantments, extremely unstealthy
A: retaliatory headbutt, horns 2
a: Burn Spellbooks, Berserk, Trog's Hand, Brothers in Arms, Renounce Religion


You were on level 6 of the Dungeon.
You worshipped Trog.
Trog was greatly pleased with you.
You were not hungry.

You visited 1 branch of the dungeon, and saw 7 of its levels.

You collected 313 gold pieces.
You spent 150 gold pieces at shops.

Inventory:

Hand weapons
 a - a +0 mace (weapon)
Armour
 j - a +0 chain mail (worn)
 t - a +0 buckler (worn)
 x - a +0 pair of boots (worn)
 C - a +0 cloak
Jewellery
 d - an amulet of guardian spirit (around neck)
 e - an uncursed ring of ice
 p - a ring of stealth (left hand)
Scrolls
 g - a scroll of fear
 i - 2 scrolls of remove curse
 u - 2 scrolls of teleportation
 y - a scroll of identify
Potions
 f - 2 potions of haste
 h - 4 potions of curing
 m - 2 potions of heal wounds
 n - a potion of beneficial mutation {unknown}
 q - a potion of lignification {unknown}
 r - a potion of cure mutation {unknown}
 s - a potion of berserk rage {unknown}
 v - a potion of magic {unknown}
 z - a potion of invisibility {unknown}
 A - a potion of resistance {unknown}
 B - 2 potions of flight {unknown}
Comestibles
 b - a beef jerky
 c - 6 bread rations
 k - 3 fruits
 l - a royal jelly
 o - 5 chunks of flesh
 w - 5 meat rations


   Skills:
 - Level 3.6 Fighting
 + Level 12.4 Maces & Flails
 - Level 2.4 Armour
 - Level 2.1 Dodging
 - Level 1.0 Shields


You had 7 spell levels left.
You didn't know any spells.

Dungeon Overview and Level Annotations

Branches:
Dungeon (7/15)             Temple (0/1) D:4

Altars:
Cheibriados
Nemelex Xobeh
Ru
Vehumet
Zin
The Shining One

Shops:
D:5 %


Innate Abilities, Weirdness & Mutations

You reflexively headbutt those who attack you in melee.
You have a pair of horns on your head.


Message History

You barely miss the worker ant zombie.
An ogre comes into view. It is wielding a giant spiked club.
The ogre shouts!
You hit the worker ant zombie but do no damage.
You headbutt the worker ant zombie, but do no damage.
The worker ant zombie bites you.
* * * LOW HITPOINT WARNING * * *
You are too injured to fight recklessly!
You are too injured to fight recklessly!
You hit the worker ant zombie. The worker ant zombie bites you.
* * * LOW HITPOINT WARNING * * *
You sock the worker ant zombie! You headbutt the worker ant zombie.
The worker ant zombie bites you but does no damage.
You sock the worker ant zombie!
You destroy the worker ant zombie!
You are too injured to fight recklessly!
You see here a cloak.
C - a cloak The ogre hits you with a giant spiked club!!
You die...

.................########
...#..##.#......## ##...#
................# #.....
........##......# #......
.............#### ...###.
...##....##.#####........
.. ####......##.. ..#..
#......#...###.#..
#@O...#........#..
#......[....#.....
#..#....###.#.###.
#..#........#.....
.........#....^#..
.....###.#.###.#..
.........#.....#..
.......#....)#.....
#.###.#.###.


You could see an ogre.

Vanquished Creatures
  2 sky beasts (D:6)
  A phantom (D:4)
  2 ogres
  A centaur (D:5)
  A giant frog (D:6)
  A water moccasin zombie (D:5)
  A centaur zombie (D:5)
  A crimson imp (D:5)
  A giant frog zombie (D:5)
  A quasit (D:6)
  A centaur skeleton (D:5)
  4 hounds
  A jelly (D:6)
  2 orc wizards (D:5)
  Terence (D:2)
  2 iguanas
  A worker ant (D:6)
  A hound skeleton (D:5)
  2 worker ant zombies (D:6)
  4 gnolls (D:3)
  8 adders
  A shadow imp (D:6)
  An ooze (D:1)
  A worm (D:5)
  An adder zombie (D:6)
  3 giant geckos
  9 orcs
  6 bats
  2 giant cockroaches
  7 hobgoblins
  2 jackals (D:3)
  11 kobolds
  2 ball pythons
  3 giant newts
  7 goblins
  A jackal skeleton (D:7)
  2 quokkas
  10 rats
108 creatures vanquished.

Vanquished Creatures (others)
  An ogre (D:5)
1 creature vanquished.

Grand Total: 109 creatures vanquished

Notes
Turn   | Place    | Note
--------------------------------------------------------------
     0 | D:1      | Ordine the Minotaur Berserker began the quest for the Orb.
     0 | D:1      | Reached XP level 1. HP: 19/19 MP: 0/0
   369 | D:1      | Reached skill level 4 in Maces & Flails
   411 | D:1      | Reached XP level 2. HP: 24/26 MP: 1/1
   934 | D:1      | Reached skill level 5 in Maces & Flails
   949 | D:1      | Acquired Trog's second power
  1082 | D:2      | Found a snail-covered altar of Cheibriados.
  1085 | D:2      | Reached XP level 3. HP: 29/31 MP: 2/2
  1125 | D:2      | Found a sparkling altar of Nemelex Xobeh.
  1276 | D:2      | Noticed Terence
  1284 | D:2      | Killed Terence
  1284 | D:2      | Reached XP level 4. HP: 26/39 MP: 3/3
  1292 | D:2      | Reached skill level 6 in Maces & Flails
  2010 | D:3      | Reached XP level 5. HP: 45/45 MP: 4/4
  2112 | D:3      | Found a sacrificial altar of Ru.
  2114 | D:3      | Found a glowing golden altar of the Shining One.
  2118 | D:3      | Found a glowing silver altar of Zin.
  2248 | D:4      | Reached skill level 7 in Maces & Flails
  2336 | D:4      | You fall through a shaft for 3 floors!
  2392 | D:5      | Entered Level 5 of the Dungeon
  2408 | D:5      | Reached skill level 8 in Maces & Flails
  2443 | D:5      | Reached XP level 6. HP: 21/51 MP: 2/5
  2696 | D:5      | Found a radiant altar of Vehumet.
  2891 | D:4      | Noticed a phantom
  2912 | D:4      | Killed a phantom
  2912 | D:4      | Reached skill level 9 in Maces & Flails
  2962 | D:4      | Noticed an ogre
  2968 | D:4      | Killed an ogre
  2968 | D:4      | Reached XP level 7. HP: 42/57 MP: 6/6
  3117 | D:4      | Found a staircase to the Ecumenical Temple.
  3433 | D:4      | Reached skill level 10 in Maces & Flails
  3610 | D:5      | Found Suttocs's Food Boutique.
  3613 | D:5      | Bought a meat ration for 50 gold pieces
  3613 | D:5      | Bought a meat ration for 50 gold pieces
  3613 | D:5      | Bought a meat ration for 50 gold pieces
  3992 | D:5      | Reached skill level 1 in Shields
  4158 | D:6      | Reached skill level 11 in Maces & Flails
  4191 | D:6      | Acquired Trog's third power
  4258 | D:6      | Reached XP level 8. HP: 43/64 MP: 7/7
  4313 | D:6      | Noticed a sky beast
  4341 | D:6      | Killed a sky beast
  4386 | D:6      | Noticed an ogre
  4394 | D:6      | Killed an ogre
  4394 | D:6      | Reached skill level 12 in Maces & Flails
  4450 | D:6      | Noticed an ogre
  4457 | D:6      | Slain by an ogre

Vault maps used:
D:1:      minmay_arrival_floating_metal
D:2:      nemelex_deck, cheibriados_altar_1, grunt_ministairs_11, uniq_terence
D:3:      minitemple
D:4:      minmay_temple_entry_poolview
D:5:      fiery_altar_vehumet, first_bread, serial_shops,
          nicolae_shop_behind_doors, serial_park_tiny_2
D:6:      hangedman_cross_stitches, nicolae_ossuary_entry_plus
D:7:      uniq_menkaure

Action                   |  1- 3 |  4- 6 |  7- 9 || total
-------------------------+-------+-------+-------++-------
Melee: Mace              |    63 |   127 |   158 ||   348
Invok: Burn Spellbooks   |       |     2 |       ||     2
  Use: Scroll            |     3 |     3 |     2 ||     8
  Eat: Chunk             |     1 |     4 |     5 ||    10
       Beef jerky        |       |     1 |       ||     1
